 Dungeon Crawl Stone Soup version 0.29.0-15-g675c0067aa (webtiles) character file.

Game seed: 13805296479560593496

51 Descartes the Sneak (level 3, -1/14 HPs)
             Began as a Felid Wanderer on Sept 11, 2022.
             Succumbed to an adder's poison
             ... on level 3 of the Dungeon.
             The game lasted 00:03:20 (2298 turns).

Descartes the Sneak (Felid Wanderer)                Turns: 2298, Time: 00:03:21

Health: -1/14      AC:  1    Str: 11    XL:     3   Next: 58%
Magic:  10/16      EV: 15    Int: 13    God:
Gold:   32         SH:  0    Dex: 14    Spells: 3/6 levels left
                                        Lives:  0   Deaths: 0

rFire   . . .      SeeInvis +     - Unarmed
rCold   . . .      Faith    .   (shield unavailable)
rNeg    . . .      Spirit   .   (body armour unavailable)
rPois   .          Reflect  .   (helmet unavailable)
rElec   .          Harm     .   (cloak unavailable)
rCorr   .          Rampage  .   (gloves unavailable)
Will    .....                   (boots unavailable)
Stlth   +++.......              (no amulet)
HPRegen 0.04/turn               h - ring of magical power
MPRegen 0.15/turn               (no ring)

@: lethally poisoned (-1 -> -8), very slightly contaminated, quick
A: very small, claws 1, fangs 3, see invisible, speed 1, shaggy fur 1, stealthy
paws, no weapons or thrown items, no armour, multi-lived
a: no special abilities


You were on level 3 of the Dungeon.
You visited 1 branch of the dungeon, and saw 3 of its levels.

You collected 32 gold pieces.

Inventory:

Jewellery
 h - a ring of magical power (left paw)
 l - an amulet of faith
Scrolls
 e - 4 scrolls of identify {unknown}
 i - a scroll of vulnerability {unknown}
 k - a scroll of enchant armour {unknown}
Potions
 a - a potion of curing
 c - a potion of attraction
 d - 2 potions of brilliance {unknown}
 f - a potion of lignification {unknown}
 g - a potion of degeneration {unknown}
 j - a potion of mutation {unknown}
 m - a potion of heal wounds {unknown}
Miscellaneous
 b - a piece from Xom's chessboard (15/15)


   Skills:
 + Level 4.9 Stealth
 - Level 2.0 Unarmed Combat
 - Level 2.0 Spellcasting
 - Level 3.0 Summonings
 - Level 3.2 Evocations


You had 3 spell levels left.
You knew the following spells:

 Your Spells              Type           Power      Damage    Failure   Level
a - Summon Small Mammal   Summ           36%        N/A       8%          1
b - Call Imp              Summ           9%         N/A       11%         2

Your spell library contained the following spells:

 Spells                   Type           Power      Damage    Failure   Level
 Summon Ice Beast         Ice/Summ       5%         N/A       80%         4


Dungeon Overview and Level Annotations

Branches:
Dungeon (3/15)

Altars:


Innate Abilities, Weirdness & Mutations

You have sharp claws.
You have razor-sharp teeth.
You have supernaturally acute eyesight. (SInv)
You cover ground quickly. (Speed+)
You are covered in fur. (AC +1)
Your paws help you pounce on unaware monsters.
You are incapable of wielding weapons or throwing items.
You cannot wear armour.
You gain extra lives every three experience levels.


Message History

You are poisoned.
The adder poisons you!
You miss the adder.
The adder is moderately wounded.
You feel sick.
Your shadow imp barely misses the adder.
Your rat barely misses the adder.
The adder bites you but does no damage.
You closely miss the adder.
The adder is moderately wounded.
You feel sick.
Your rat closely misses the adder.
Your shadow imp gestures at the adder.
The adder writhes in agony!
The adder dies!
Found 10 gold pieces.
You feel sick.
You feel sick.
You are no longer poisoned.
Magic restored.
Your shadow imp disappears in a puff of smoke!
Your rat disappears in a puff of smoke!
An adder is nearby!
Casting: Call Imp (safe; 11% risk of failure)
Confirm with . or Enter, or press ? or * to list all spells.
The adder hisses angrily.
Casting: Summon Small Mammal (safe; 8% risk of failure)
Confirm with . or Enter, or press ? or * to list all spells.
You miscast Call Imp.
You are very lightly contaminated with residual magic.
Nothing appears to happen.
Casting: Call Imp (safe; 11% risk of failure)
Confirm with . or Enter, or press ? or * to list all spells.
Your rat closely misses the adder.
Casting: Summon Small Mammal (safe; 8% risk of failure)
Confirm with . or Enter, or press ? or * to list all spells.
A beastly little devil appears in a puff of flame.
Your bat closely misses the adder.
The adder closely misses you. The adder bites you.
* * * LOW HITPOINT WARNING * * *
You are lethally poisoned!
The adder poisons you!
Your rat misses the adder.
You die...

### ...
###.#########
.$..........#
..?....5b...#
..........r.#
.......@.S..#
....####.#.#####
.. #.#.#...##
#.#......##
#....)....#
##........#
#........#
#.#.....##
#........#


You could see an adder (ally target), a friendly crimson imp (summoned), a
friendly bat (summoned) and a friendly rat (summoned).

Vanquished Creatures
  An orc (D:3)
  A ball python (D:2)
  5 giant cockroaches
  2 goblins
  5 hobgoblins (D:1)
  3 jackals (D:1)
  3 kobolds
  A quokka (D:1)
  4 bats (D:1)
  3 frilled lizards (D:1)
  A rat (D:1)
29 creatures vanquished.

Vanquished Creatures (collateral kills)
  An adder (D:3)
  A worm (D:2)
  An endoplasm (D:2)
  A bat (D:2)
  A goblin (D:1)
5 creatures vanquished.

Grand Total: 34 creatures vanquished

Notes
Turn   | Place    | Note
-------+----------+-------------------------------------------
     0 | D:1      | Descartes the Felid Wanderer began the quest for the Orb.
     0 | D:1      | Descartes set off with the following items: a potion of
                  | curing, a piece from Xom's chessboard (15/15), a potion of
                  | attraction; and the following spell memorised: Summon Small
                  | Mammal; and the following spells available to memorise:
                  | Call Imp, Summon Ice Beast.
     0 | D:1      | Reached XP level 1. HP: 7/7 MP: 4/4
    47 | D:1      | Reached skill level 1 in Stealth
   482 | D:1      | Reached skill level 2 in Stealth
   849 | D:1      | Reached XP level 2. HP: 11/11 MP: 6/6
   937 | D:1      | Reached skill level 3 in Stealth
  1186 | D:1      | Learned a level 2 spell: Call Imp
  1374 | D:1      | Reached skill level 4 in Stealth
  1450 | D:1      | Reached XP level 3. HP: 14/14 MP: 7/7
  1648 | D:2      | Found the +3 greatsling "Punk" {acid, rCorr}
  2298 | D:3      | Succumbed to an adder's poison

Illustrated notes

Levels and vault maps discovered:
D:1:      mrwooster_arrival_statue_3, layout_basic
D:2:      layout_rooms
D:3:      layout_rooms, hellmonk_ecumenical_altar_prayer_group

Skill      XL: |  1  2 |
---------------+-------+-----
Stealth        | 2 4 |  4.9
Unarmed Combat | |  2.0
Spellcasting   | |  2.0
Summonings     | |  3.0
Evocations     | |  3.2

Action                   || total
-------------------------++-------
Melee: Unarmed           ||    85
       Bite              ||     7
       Punch             ||     1
 Cast: Summon Small Mamm ||     8
       Call Imp          ||     5
 Stab: Sleeping          ||    10
Armor: Skin              ||     5
Dodge: Dodged            ||    59
